 Dungeon Crawl Stone Soup version 0.28-a0-514-g0d7ab7f379 (webtiles) character file.

Game seed: 6667860356189253408

80 robertstho the Magician (level 4, -2/32 HPs)
             Began as a Djinni Fire Elementalist on Sept 22, 2021.
             Slain by a gnoll (7 damage)
             ... on level 3 of the Dungeon.
             The game lasted 00:03:44 (3153 turns).

robertstho the Magician (Djinni Fire Elementalist)  Turns: 3153, Time: 00:03:44

Health: -2/32      AC:  2    Str:  7    XL:     4   Next: 65%
Gold:   81         EV: 12    Int: 18    God:
                   SH:  0    Dex: 13

rFire   + + .      SeeInvis .   k - +1 dagger (speed)
rCold   x . .      Faith    .   (no shield)
rNeg    . . .      Spirit   .   a - +0 robe
rPois   ∞          Reflect  .   (no helmet)
rElec   .          Harm     .   (no cloak)
rCorr   .          Rampage  .   (no gloves)
Will    .....                   (boots unavailable)
Stlth   ++........              (no amulet)
HPRegen 0.10/turn               (no ring)
MPRegen 0.00/turn               (no ring)

@: flying
A: sickness immunity, fire resistance 2, cold vulnerability 1, float, innate
caster, hp casting, extra vitality 1
a: no special abilities


You were on level 3 of the Dungeon.
You visited 1 branch of the dungeon, and saw 3 of its levels.

You collected 146 gold pieces.
You spent 65 gold pieces at shops.

Inventory:

Hand Weapons
 d - a +0 short sword
 k - a +1 dagger of speed (weapon)
Armour
 a - a +0 robe (worn)
Jewellery
 c - a ring of willpower
Scrolls
 b - a scroll of fear
 g - 2 scrolls of teleportation
 n - a scroll of magic mapping
Potions
 f - a potion of brilliance {unknown}
 h - a potion of mutation {unknown}
 i - a potion of berserk rage {unknown}
 l - 2 potions of attraction {unknown}


   Skills:
 * Level 1.4 Fighting
 + Level 2.4 Dodging
 + Level 1.9 Stealth
 * Level 3.5 Spellcasting


You couldn't memorise any spells.
You knew the following spells:

 Your Spells              Type           Power      Damage    Failure   Level
a - Foxfire               Conj/Fire      60%        2x1d7     3%          1
b - Scorch                Fire           30%        2d7       5%          2
c - Conjure Flame         Conj/Fire      15%        6-21      11%         3
d - Inner Flame           Hex/Fire       15%        N/A       11%         3
e - Flame Wave            Conj/Fire      15%        3d5       36%         4
f - Beastly Appendage     Tmut           30%        N/A       3%          1
Your spell library was empty.

Dungeon Overview and Level Annotations

Branches:
Dungeon (3/15)

Altars:
Dithmenos

Shops:
D:1 *

Annotations:
D:1 Good shop


Innate Abilities, Weirdness & Mutations

You are immune to sickness and miasma.
You are immune to poison.
Your flesh is very heat resistant. (rF++)
You are vulnerable to cold. (rC-)
You float through the air rather than walking.
You learn spells naturally, not from books.
Your magical power is your life essence.
You have superior vitality. (+4 HP)


Message History

A gnoll comes into view. It is wielding a +0 club.
Casting: Foxfire (safe; 3% risk of failure)
Press: ? - help, Q - select action, (/) - cycle Dir - look around, f - activate You conjure some foxfire!
An orc comes into view. It is wielding a +0 flail.
The foxfire hits the orc.
The orc is almost dead.
Casting: Foxfire (safe; 3% risk of failure)
Press: ? - help, Q - select action, (/) - cycle Dir - look around, f - activate You conjure some foxfire!
The orc hits you but does no damage. The gnoll misses you.
The orc closely misses you. The gnoll misses you.
Unknown command.
Casting: Foxfire (safe; 3% risk of failure)
Confirm with . or Enter, or press ? or * to list all spells.
Flames lash the gnoll.
The gnoll is heavily wounded.
The gnoll's fire resistance burns away.
The orc closely misses you.
The gnoll hits you from afar with a +0 halberd.
Casting: Scorch (safe; 5% risk of failure)
Confirm with . or Enter, or press ? or * to list all spells.
Flames lash the orc.
You kill the orc!
The gnoll misses you.
Casting: Scorch (safe; 5% risk of failure)
Confirm with . or Enter, or press ? or * to list all spells.
Flames lash the gnoll.
The gnoll is severely wounded.
The gnoll's fire resistance burns away.
A bat comes into view.
The gnoll closely misses you.
Casting: Scorch (safe; 5% risk of failure)
Confirm with . or Enter, or press ? or * to list all spells.
Flames lash the gnoll.
The gnoll is burned terribly!
The gnoll is almost dead.
The gnoll hits you from afar with a +0 halberd!
* * * LOW HITPOINT WARNING * * *
The gnoll is no longer more vulnerable to fire.
The gnoll hits you from afar with a +0 halberd!
You die...

.# #.
#.#
#.#
#b#
....
#g#
#..
#g#
#..
#g#
#.#
#)#.#
#@#
#.#.#
#.#
#.#
#.
... #
#.#
.# #


You could see 3 gnolls and a bat.

Vanquished Creatures
  Jessica (D:2)
  A gnoll (D:3)
  A worm (D:2)
  2 dart slugs
  An orc (D:3)
  4 endoplasms
  2 giant cockroaches (D:1)
  A goblin (D:2)
  3 hobgoblins
  3 kobolds (D:1)
  4 quokkas
  5 ball pythons
  A bat (D:2)
  2 frilled lizards
  4 rats (D:1)
35 creatures vanquished.

Vanquished Creatures (others)
  153 foxfires
153 creatures vanquished.

Grand Total: 188 creatures vanquished

Notes
Turn   | Place    | Note
-------+----------+-------------------------------------------
     0 | D:1      | robertstho the Djinni Fire Elementalist began the quest for
                  | the Orb.
     0 | D:1      | Reached XP level 1. HP: 15/15 MP: 0/0
   709 | D:1      | Reached XP level 2. HP: 18/21 MP: 0/0
   798 | D:1      | Found Obubejid's General Store.
   821 | D:1      | Bought a scroll of identify for 26 gold pieces
   821 | D:1      | Bought a scroll of teleportation for 39 gold pieces
  1557 | D:1      | Reached XP level 3. HP: 24/26 MP: 0/0
  1557 | D:1      | Learned a level 1 spell: Beastly Appendage
  1639 | D:1      | You are sucked into a shaft and drop 1 floor!
  1676 | D:2      | Reached skill level 1 in Fighting
  1676 | D:2      | Reached skill level 3 in Spellcasting
  2120 | D:2      | Noticed Jessica
  2126 | D:2      | Killed Jessica
  2127 | D:2      | Reached XP level 4. HP: 28/32 MP: 0/0
  2813 | D:2      | Found a shadowy altar of Dithmenos.
  3153 | D:3      | Slain by a gnoll

Illustrated notes

Levels and vault maps discovered:
D:1:      amcnicky_arrival_underground_garden, layout_basic, serial_shops,
          nicolae_shop_window_shopping
D:2:      layout_basic, basic_altar, interstate_on_off, mrwooster_statue_mirror,
          minmay_misc_feat_rows, kennysheep_jessica_study
D:3:      layout_basic, gammafunk_ghost_nasty_kobolds, serial_curves,
          eino_curves_02, eino_curves_04

Skill      XL: |  1  2  3 |
---------------+----------+-----
Fighting       | 1 |  1.4
Spellcasting   | 3 |  3.5
Dodging        | |  2.4
Stealth        | |  1.9

Action                   |  1- 3 |  4- 6 || total
-------------------------+-------+-------++-------
Melee: Dagger            |       |     1 ||     1
 Cast: Foxfire           |    78 |    18 ||    96
       Scorch            |       |     5 ||     5
  Use: Scroll            |       |     4 ||     4
 Stab: Sleeping          |       |     1 ||     1
Armor: Robe              |     9 |     1 ||    10
Dodge: Dodged            |    11 |     8 ||    19

Table legend: (Time is in decaauts)
 A = Elapsed time spent in this place.
 B = Non-inter-level travel time spent in this place.
 C = Inter-level travel time spent in this place.
 D = Time resting spent in this place.
 E = Time spent auto-exploring this place.
 F = Levels seen in this place.
 G = Mean time per level.
                   A        B        C        D        E       F      G
               +--------+--------+--------+--------+--------+-----+--------+
         Total |   3151 |   3130 |     21 |     82 |   2769 |   3 | 1050.3 |
       Dungeon |   3151 |   3130 |     21 |     82 |   2769 |   3 | 1050.3 |
               +--------+--------+--------+--------+--------+-----+--------+

Top non-repeatable levels by time:
     D:1: 1638 daAuts
     D:2: 1497 daAuts
     D:3: 14 daAuts
